 Dungeon Crawl Stone Soup version 0.22.1 (webtiles) character file.

149 Ghost6211 the Stinger (level 5, 0/35 HPs)
             Began as a Demonspawn Venom Mage on Sept 17, 2018.
             Slain by a gnoll
             ... wielding a +0 whip
              (5 damage)
             ... on level 3 of the Dungeon.
             The game lasted 00:07:38 (2568 turns).

Ghost6211 the Stinger (Demonspawn Venom Mage)       Turns: 2568, Time: 00:07:39

Health: 0/35       AC:  8    Str:  8    XL:     5   Next: 9%
Magic:  1/10       EV: 13    Int: 18    God:
Gold:   108        SH:  0    Dex: 13    Spells: 7/11 levels left

rFire    . . .     SeeInvis .   d - +0 short sword
rCold    . . .     Gourm    .   (no shield)
rNeg     . . .     Faith    .   a - +0 robe
rPois    .         Spirit   .   (no helmet)
rElec    .         Reflect  .   (no cloak)
rCorr    .         Harm     .   (no gloves)
MR       .....                  (no boots)
Stlth    ++........             (no amulet)
HPRegen  0.11/turn              (no ring)
MPRegen  0.12/turn              (no ring)

@: sanguine armour
A: claws 1, sanguine armour 1
a: no special abilities


You were on level 3 of the Dungeon.
You were not hungry.

You visited 1 branch of the dungeon, and saw 3 of its levels.

You collected 108 gold pieces.

Inventory:

Hand Weapons
 d - a +0 short sword (weapon)
Missiles
 g - 101 stones (quivered)
Armour
 a - a +0 robe (worn)
Jewellery
 i - an uncursed amulet of faith {unknown}
Scrolls
 b - 2 scrolls of remove curse {unknown}
 e - a scroll of immolation {unknown}
 f - a scroll of enchant weapon {unknown}
 j - a scroll of teleportation {unknown}
 m - a scroll of random uselessness {unknown}
 n - 3 scrolls of identify {unknown}
 o - a scroll of enchant armour {unknown}
Potions
 k - a potion of degeneration {unknown}
 l - a potion of berserk rage {unknown}
Comestibles
 c - 7 rations


   Skills:
 + Level 2.6 Dodging
 - Level 1.7 Stealth
 * Level 3.5 Spellcasting
 + Level 2.2 Conjurations
 + Level 3.6 Poison Magic


You had 7 spell levels left.
You knew the following spells:

 Your Spells              Type           Power        Failure   Level  Hunger
a - Sting                 Conj/Pois      ##..         4%          1    None
b - Mephitic Cloud        Conj/Pois/Air  ##......     21%         3    ###....

Your spell library contained the following spells:

 Spells                   Type           Power        Failure   Level  Hunger
 Poisonous Vapours        Pois/Air       #.....       11%         2    ##.....
 Olgreb's Toxic Radiance  Pois           ###.....     34%         4    ####...
 Venom Bolt               Conj/Pois      ##........   77%         5    ######.


Dungeon Overview and Level Annotations

Branches:
Dungeon (3/15)

Altars:


Innate Abilities, Weirdness & Mutations

You have sharp fingernails.
When seriously injured, your bleeding wounds create armour. (AC +6)


Message History

You hit the gnoll but do no damage.
The gnoll is severely wounded.
The gnoll hits you but does no damage.
You hit the gnoll but do no damage.
The gnoll is severely wounded.
The gnoll hits you with a whip.
* * * LOW HITPOINT WARNING * * *
You barely miss the gnoll.
The gnoll is severely wounded.
The gnoll misses you.
You see here a hand axe.
Casting: Sting (safe; 4% risk of failure)
Confirm with . or Enter, or press ? or * to list all spells.
Aiming: Sting (safe; 4% risk of failure)
Press: ? - help, Shift-Dir - straight line, f/p - gnoll
Aim: a gnoll, wielding a whip and wearing a chain mail (severely wounded)
The sting misses the gnoll.
The gnoll barely misses you.
Found 8 gold pieces.
The gnoll hits you with a whip.
You die...

################
#.....)..g.....#
#!############.#
#)# #.#
#.####### #g#
#........ #@#
#..#####. #.#
#..#..... ..#
#......# ####
#.##.#.# #.# .#
#.# # #.# #.#


You could see a gnoll.

Vanquished Creatures
  A scorpion (D:3)
  5 adders
  A worm (D:1)
  A dart slug (D:1)
  4 leopard geckos
  An orc (D:3)
  5 bats
  3 giant cockroaches
  5 goblins
  6 hobgoblins
  A quokka (D:2)
  2 ball pythons (D:2)
  3 frilled lizards
  3 kobolds
  11 rats
52 creatures vanquished.

Notes
Turn   | Place    | Note
-------+----------+-------------------------------------------
     0 | D:1      | Ghost6211 the Demonspawn Venom Mage began the quest for the
                  | Orb.
     0 | D:1      | Reached XP level 1. HP: 13/13 MP: 3/3
   238 | D:1      | Gained mutation: You have sharp fingernails. [demonic
                  | ancestry]
   238 | D:1      | Reached XP level 2. HP: 8/19 MP: 0/5
  1183 | D:1      | Gained mutation: When seriously injured, your bleeding
                  | wounds create armour. (AC +6) [demonic ancestry]
  1183 | D:1      | Reached XP level 3. HP: 6/24 MP: 4/6
  1188 | D:1      | Learned a level 3 spell: Mephitic Cloud
  1989 | D:2      | Reached XP level 4. HP: 20/30 MP: 4/8
  2522 | D:3      | Reached XP level 5. HP: 5/35 MP: 2/10
  2568 | D:3      | Slain by a gnoll

Skill      XL: |  1  2  3  4 |
---------------+-------------+-----
Dodging        | 2 |  2.6
Spellcasting   | 3 |  3.5
Conjurations   | 2 |  2.2
Stealth        | |  1.7
Poison Magic   | |  3.6

Action                   |  1- 3 |  4- 6 || total
-------------------------+-------+-------++-------
Melee: Short sword       |    82 |    33 ||   115
 Cast: Sting             |    52 |    31 ||    83
       Mephitic Cloud    |       |     2 ||     2
  Use: Potion            |       |     1 ||     1
  Eat: Ration            |     2 |       ||     2
Armor: Robe              |    25 |    11 ||    36
Dodge: Dodged            |    70 |    22 ||    92
